Connexion

CHICAGO Blackhawks vs DETROIT Red Wings

Created - 7 avril 2024 at 06:04

Goals
1 2 3 T
CHICAGO Blackhawks 0 0 0 0
DETROIT Red Wings 2 1 0 3
Shots
1 2 3 T
CHICAGO Blackhawks 10 6 6 22
DETROIT Red Wings 20 7 10 37

GoalsPenalties
1st period
1. DETROIT Red Wings , Mikko Rantanen 27 (Drake Batherson 42, Erik Karlsson 45) at 9:39 (PP)
2. DETROIT Red Wings , Mikko Rantanen 28 (Drake Batherson 43, Jake Bean 37) at 14:26
Christian Fischer (CHI) for Close Hand On Puck (Minor) at 9:19
2nd period
3. DETROIT Red Wings , Devon Toews 15 (Drake Batherson 44) at 7:08 (PP)
Gabriel Landeskog (DET) for Fighting (Major) at 5:35
Brandon Duhaime (CHI) for Fighting (Major) at 5:35
Connor Murphy (CHI) for Interference (Minor) at 5:40
Ben Meyers (DET) for Tripping (Minor) at 13:29
3rd period
No Goal
Mac Weegar (CHI) for Slashing (Minor) at 10:34
Goalie Stats
Karel Vejmelka (CHI), 34 saves from 37 shots - (0,919), L, 12-10-5, 60:00 minutes
Alexandar Georgiev (DET), 22 saves from 22 shots - (1,000), W, 11-8-0, 60:00 minutes
3 StarsOfficial
1 - Alexandar Georgiev (DET)
2 - Mikko Rantanen (DET)
3 - Drake Batherson (DET)
Referees : Wes McCauley and Bill McCreary
Linesman : Scott Cherrey and Shane Heyer
Game Note
Gabriel Landeskog and Brandon Duhaime fight to a draw at 5:35 of 2nd period
Finance
Level 1 -- Attendance: 5615 (93,58%) -- Ticket Income $645,725
Level 2 -- Attendance: 5230 (80,28%) -- Ticket Income $392,250
Level 3 -- Attendance: 1860 (93,00%) -- Ticket Income $102,300
Level 4 -- Attendance: 3667 (91,68%) -- Ticket Income $117,344
Luxury Box -- Attendance: 949 (94,90%) -- Ticket Income $215,423
Game was played at the Joe Louis Arena.
Total Attendance: 17321 (88,76%)
Total Ticket Income: $1,473,042
Other Income: $294,608
Total Income: $1,767,650



Team Name Goals Shots Shots Attemp Shots Blocked PIM HIT PP PK FO%
CHICAGO Blackhawks 022551211330 / 1 (0%)251%
DETROIT Red Wings 33783117192 / 3 (67%)049%

CHICAGO Blackhawks
Player Name POS G A P +/- PIM HIT SHT SB MP PP MP PP SHT PK MP PK SHT FO% FOT
Adam GaudetteC0000002113:410:0001:21041% 17
Alexandre CarrierD000-1032120:441:1022:0400% 0
Anton StralmanD0000020323:540:4900:0000% 0
Brandon CarloD0000071025:440:4901:5000% 0
Brandon DuhaimeRW000052007:280:0000:0000% 0
Brian DumoulinD0000000115:420:0002:0300% 0
Christian FischerC/RW000-1230018:381:0500:0000% 0
Connor MurphyD000-1221219:261:1000:4700% 0
Conor GarlandLW/RW0000004113:410:0001:2100% 1
Evgenii DadonovRW0000011014:460:0002:26050% 2
J.T. CompherC/LW/RW0000002110:210:0002:26062% 13
Joonas DonskoiLW/RW000001007:550:0000:0000% 0
Mac WeegarD0000290114:280:0000:5000% 0
Mathew BarzalC000-1010018:391:0500:00052% 21
Nick SuzukiC0000001017:190:5400:00053% 15
Oliver WahlstromLW000-1002018:391:0500:00033% 3
Pius SuterC/RW0000015017:450:5400:0000% 0
Tage ThompsonLW/RW0000011117:190:5400:000100% 1
DETROIT Red Wings
Player Name POS G A P +/- PIM HIT SHT SB MP PP MP PP SHT PK MP PK SHT FO% FOT
Ben MeyersC/LW000021106:330:0000:00029% 7
Chris KreiderLW/RW0000042021:571:4000:00050% 2
Devon ToewsD1010041326:442:0410:5300% 0
Drake BathersonC/RW0331012018:552:0701:09052% 25
Erik KarlssonD0110013126:442:0410:5300% 0
Fillip ZadinaRW000000206:340:0000:000100% 1
Gabriel LandeskogLW/RW0000501010:540:0000:000100% 1
Jake BeanD0111032019:281:4311:0600% 0
Jamie BennC/LW0000032222:471:4010:50045% 20
Mark StoneRW0001001118:552:0701:0900% 1
Mikko RantanenC/LW/RW2021004017:462:0710:0000% 2
Morgan RiellyD0001004019:281:4311:0600% 0
Nathan MackinnonC/RW0000005022:471:4000:5000% 0
Noah GregorC0000002011:440:0000:00058% 12
Sami NikuD0000011213:480:0000:0000% 0
Tanner JeannotLW/RW000001207:230:0000:000100% 1
Valeri NichushkinLW/RW0000002011:440:0000:000100% 1
Zach WhitecloudD0000000213:480:0000:0000% 0



Play-by-Play

1st period


0:01 of 1st period - Mathew Barzal wins face-off versus Jamie Benn in neutral zone.
0:04 of 1st period - Shot by Brandon Carlo.
0:04 of 1st period - Stopped by Alexandar Georgiev without a rebound.
0:05 of 1st period - Tage Thompson wins face-off versus Mikko Rantanen in DETROIT Red Wings zone.
0:20 of 1st period - Shot by Pius Suter.
0:20 of 1st period - Stopped by Alexandar Georgiev without a rebound.
0:21 of 1st period - Valeri Nichushkin wins face-off versus Conor Garland in DETROIT Red Wings zone.
0:34 of 1st period - Shot by Noah Gregor.
0:34 of 1st period - Stopped by Karel Vejmelka without a rebound.
0:35 of 1st period - Jamie Benn wins face-off versus Mathew Barzal in CHICAGO Blackhawks zone.
0:40 of 1st period - Shot by Erik Karlsson.
0:40 of 1st period - Shot Misses the Net.
1:26 of 1st period - Off-side.
1:27 of 1st period - J.T. Compher wins face-off versus Mikko Rantanen in neutral zone.
1:38 of 1st period - Shot by Morgan Rielly.
1:38 of 1st period - Stopped by Karel Vejmelka without a rebound.
1:39 of 1st period - Nick Suzuki wins face-off versus Ben Meyers in CHICAGO Blackhawks zone.
2:05 of 1st period - Shot by Fillip Zadina.
2:05 of 1st period - Stopped by Karel Vejmelka without a rebound.
2:06 of 1st period - Adam Gaudette wins face-off versus Noah Gregor in CHICAGO Blackhawks zone.
2:20 of 1st period - Off-side.
2:21 of 1st period - J.T. Compher wins face-off versus Drake Batherson in neutral zone.
2:29 of 1st period - Drake Batherson is hit by Brandon Carlo.
2:35 of 1st period - Devon Toews is hit by Joonas Donskoi and loses puck.
2:49 of 1st period - Drake Batherson is hit by Anton Stralman and loses puck.
3:39 of 1st period - Shot by Conor Garland.
3:39 of 1st period - Stopped by Alexandar Georgiev with a rebound.
3:41 of 1st period - Shot by Evgenii Dadonov.
3:41 of 1st period - Stopped by Alexandar Georgiev without a rebound.
3:42 of 1st period - Jamie Benn wins face-off versus Nick Suzuki in DETROIT Red Wings zone.
3:46 of 1st period - Nathan Mackinnon is hit by Mac Weegar and loses puck.
3:54 of 1st period - Icing by Morgan Rielly.
3:55 of 1st period - Mathew Barzal wins face-off versus Jamie Benn in DETROIT Red Wings zone.
4:00 of 1st period - Shot by Mathew Barzal.
4:00 of 1st period - Shot Misses the Net.
4:28 of 1st period - Shot by Nathan Mackinnon.
4:28 of 1st period - Shot Misses the Net.
4:30 of 1st period - Shot by Nathan Mackinnon.
4:30 of 1st period - Shot Misses the Net.
4:32 of 1st period - Shot by Nathan Mackinnon.
4:32 of 1st period - Stopped by Karel Vejmelka with a rebound.
4:34 of 1st period - Shot by Nathan Mackinnon.
4:34 of 1st period - Shot Misses the Net.
5:14 of 1st period - Shot by Gabriel Landeskog.
5:14 of 1st period - Shot Blocked by Connor Murphy.
5:16 of 1st period - Shot by Noah Gregor.
5:16 of 1st period - Stopped by Karel Vejmelka without a rebound.
5:17 of 1st period - Adam Gaudette wins face-off versus Ben Meyers in CHICAGO Blackhawks zone.
5:24 of 1st period - Brian Dumoulin is hit by Tanner Jeannot and loses puck.
5:40 of 1st period - Icing by Devon Toews.
5:41 of 1st period - Ben Meyers wins face-off versus Nick Suzuki in DETROIT Red Wings zone.
6:10 of 1st period - Shot by Tanner Jeannot.
6:10 of 1st period - Shot Blocked by Connor Murphy.
6:52 of 1st period - Shot by Evgenii Dadonov.
6:52 of 1st period - Deflect By Adam Gaudette.
6:52 of 1st period - Stopped by Alexandar Georgiev without a rebound.
6:53 of 1st period - Noah Gregor wins face-off versus Mathew Barzal in DETROIT Red Wings zone.
6:55 of 1st period - Sami Niku is hit by Mathew Barzal and loses puck.
7:05 of 1st period - Mathew Barzal is hit by Sami Niku and loses puck.
7:31 of 1st period - Shot by Gabriel Landeskog.
7:31 of 1st period - Stopped by Karel Vejmelka without a rebound.
7:32 of 1st period - J.T. Compher wins face-off versus Drake Batherson in CHICAGO Blackhawks zone.
7:47 of 1st period - Drake Batherson is hit by Brandon Carlo and loses puck.
8:10 of 1st period - Icing by Brandon Carlo.
8:11 of 1st period - Jamie Benn wins face-off versus J.T. Compher in CHICAGO Blackhawks zone.
8:23 of 1st period - Nathan Mackinnon is hit by Brandon Carlo and loses puck.
8:53 of 1st period - Shot by Alexandre Carrier.
8:53 of 1st period - Shot Misses the Net.
8:59 of 1st period - Shot by Tage Thompson.
8:59 of 1st period - Stopped by Alexandar Georgiev without a rebound.
9:00 of 1st period - Drake Batherson wins face-off versus Mathew Barzal in DETROIT Red Wings zone.
9:00 of 1st period - Drake Batherson is hit by Christian Fischer.
9:14 of 1st period - Shot by Mathew Barzal.
9:14 of 1st period - Shot Misses the Net.
9:19 of 1st period - Minor Penalty to Christian Fischer for Close Hand On Puck.
9:20 of 1st period - Drake Batherson wins face-off versus Evgenii Dadonov in CHICAGO Blackhawks zone.
9:23 of 1st period - Shot by Erik Karlsson.
9:23 of 1st period - Stopped by Karel Vejmelka with a rebound.
9:35 of 1st period - Shot by Erik Karlsson.
9:35 of 1st period - Shot Misses the Net.
9:37 of 1st period - Shot by Erik Karlsson.
9:37 of 1st period - Shot Misses the Net.
9:39 of 1st period - Shot by Drake Batherson.
9:39 of 1st period - Deflect By Mikko Rantanen.
9:39 of 1st period - Goal by Mikko Rantanen - CHICAGO Blackhawks : 0 - DETROIT Red Wings : 1.
9:40 of 1st period - Nick Suzuki wins face-off versus Jamie Benn in neutral zone.
9:43 of 1st period - Jamie Benn is hit by Tage Thompson and loses puck.
9:56 of 1st period - Shot by Chris Kreider.
9:56 of 1st period - Stopped by Karel Vejmelka without a rebound.
9:57 of 1st period - Adam Gaudette wins face-off versus Noah Gregor in CHICAGO Blackhawks zone.
10:12 of 1st period - Shot by Gabriel Landeskog.
10:12 of 1st period - Shot Blocked by Anton Stralman.
10:14 of 1st period - Shot by Erik Karlsson.
10:14 of 1st period - Shot Blocked by Anton Stralman.
10:34 of 1st period - Shot by Noah Gregor.
10:34 of 1st period - Deflect By Gabriel Landeskog.
10:34 of 1st period - Shot Misses the Net.
10:38 of 1st period - Shot by Gabriel Landeskog.
10:38 of 1st period - Shot Misses the Net.
10:40 of 1st period - Shot by Gabriel Landeskog.
10:40 of 1st period - Shot Blocked by Anton Stralman.
10:42 of 1st period - Shot by Gabriel Landeskog.
10:42 of 1st period - Deflect By Valeri Nichushkin.
10:42 of 1st period - Shot Misses the Net.
11:02 of 1st period - Brandon Carlo is hit by Chris Kreider and loses puck.
11:10 of 1st period - Icing by Anton Stralman.
11:11 of 1st period - Drake Batherson wins face-off versus Adam Gaudette in CHICAGO Blackhawks zone.
11:11 of 1st period - Drake Batherson is hit by Brandon Carlo.
11:13 of 1st period - Shot by Mikko Rantanen.
11:13 of 1st period - Shot Blocked by Adam Gaudette.
11:15 of 1st period - Shot by Sami Niku.
11:15 of 1st period - Stopped by Karel Vejmelka without a rebound.
11:16 of 1st period - Drake Batherson wins face-off versus Oliver Wahlstrom in CHICAGO Blackhawks zone.
11:22 of 1st period - Icing by Connor Murphy.
11:23 of 1st period - Jamie Benn wins face-off versus Mathew Barzal in CHICAGO Blackhawks zone.
11:58 of 1st period - Shot by Oliver Wahlstrom.
11:58 of 1st period - Shot Misses the Net.
12:00 of 1st period - Shot by Mathew Barzal.
12:00 of 1st period - Shot Misses the Net.
12:07 of 1st period - Christian Fischer is hit by Erik Karlsson.
12:28 of 1st period - Pius Suter is hit by Devon Toews and loses puck.
13:32 of 1st period - Shot by J.T. Compher.
13:32 of 1st period - Deflect By Brandon Duhaime.
13:32 of 1st period - Shot Blocked by Devon Toews.
13:58 of 1st period - Shot by Conor Garland.
13:58 of 1st period - Shot Misses the Net.
14:00 of 1st period - Shot by Conor Garland.
14:00 of 1st period - Shot Misses the Net.
14:02 of 1st period - Shot by Connor Murphy.
14:02 of 1st period - Stopped by Alexandar Georgiev without a rebound.
14:03 of 1st period - Oliver Wahlstrom wins face-off versus Drake Batherson in DETROIT Red Wings zone.
14:10 of 1st period - Shot by Drake Batherson.
14:10 of 1st period - Shot Misses the Net.
14:18 of 1st period - Shot by Morgan Rielly.
14:18 of 1st period - Stopped by Karel Vejmelka with a rebound.
14:24 of 1st period - Shot by Drake Batherson.
14:24 of 1st period - Shot Misses the Net.
14:26 of 1st period - Shot by Mikko Rantanen.
14:26 of 1st period - Goal by Mikko Rantanen - CHICAGO Blackhawks : 0 - DETROIT Red Wings : 2.
14:27 of 1st period - Nick Suzuki wins face-off versus Noah Gregor in neutral zone.
15:34 of 1st period - Shot by Mikko Rantanen.
15:34 of 1st period - Stopped by Karel Vejmelka with a rebound.
15:36 of 1st period - Shot by Drake Batherson.
15:36 of 1st period - Deflect By Mark Stone.
15:36 of 1st period - Shot Misses the Net.
16:10 of 1st period - Off-side.
16:11 of 1st period - Tanner Jeannot wins face-off versus Adam Gaudette in neutral zone.
16:43 of 1st period - Shot by Evgenii Dadonov.
16:43 of 1st period - Deflect By Conor Garland.
16:43 of 1st period - Stopped by Alexandar Georgiev without a rebound.
16:44 of 1st period - Gabriel Landeskog wins face-off versus J.T. Compher in DETROIT Red Wings zone.
16:44 of 1st period - Gabriel Landeskog is hit by Brandon Duhaime.
16:52 of 1st period - Shot by Jake Bean.
16:52 of 1st period - Stopped by Karel Vejmelka without a rebound.
16:53 of 1st period - Drake Batherson wins face-off versus Nick Suzuki in CHICAGO Blackhawks zone.
16:53 of 1st period - Drake Batherson is hit by Anton Stralman.
17:33 of 1st period - Shot by Pius Suter.
17:33 of 1st period - Stopped by Alexandar Georgiev with a rebound.
17:38 of 1st period - Off-side.
17:39 of 1st period - Jamie Benn wins face-off versus Mathew Barzal in neutral zone.
17:58 of 1st period - Shot by Nathan Mackinnon.
17:58 of 1st period - Stopped by Karel Vejmelka with a rebound.
18:12 of 1st period - Shot by Chris Kreider.
18:12 of 1st period - Stopped by Karel Vejmelka with a rebound.
18:14 of 1st period - Shot by Jamie Benn.
18:14 of 1st period - Stopped by Karel Vejmelka with a rebound.
18:16 of 1st period - Shot by Erik Karlsson.
18:16 of 1st period - Stopped by Karel Vejmelka with a rebound.
18:18 of 1st period - Shot by Devon Toews.
18:18 of 1st period - Shot Misses the Net.
18:20 of 1st period - Shot by Chris Kreider.
18:20 of 1st period - Shot Misses the Net.
18:24 of 1st period - Shot by Nathan Mackinnon.
18:24 of 1st period - Shot Misses the Net.
18:26 of 1st period - Shot by Jamie Benn.
18:26 of 1st period - Deflect By Nathan Mackinnon.
18:26 of 1st period - Stopped by Karel Vejmelka without a rebound.
18:27 of 1st period - Noah Gregor wins face-off versus Adam Gaudette in CHICAGO Blackhawks zone.
18:27 of 1st period - Sami Niku is hit by Mac Weegar and loses puck.
18:57 of 1st period - Shot by Conor Garland.
18:57 of 1st period - Shot Misses the Net.
18:59 of 1st period - Shot by Adam Gaudette.
18:59 of 1st period - Stopped by Alexandar Georgiev without a rebound.
19:00 of 1st period - Drake Batherson wins face-off versus Nick Suzuki in DETROIT Red Wings zone.
19:05 of 1st period - Shot by Drake Batherson.
19:05 of 1st period - Shot Misses the Net.
19:07 of 1st period - Shot by Morgan Rielly.
19:07 of 1st period - Shot Misses the Net.
19:29 of 1st period - Shot by Mark Stone.
19:29 of 1st period - Stopped by Karel Vejmelka without a rebound.
19:30 of 1st period - Mathew Barzal wins face-off versus Jamie Benn in CHICAGO Blackhawks zone.
19:30 of 1st period - Mathew Barzal is hit by Chris Kreider.
19:33 of 1st period - Christian Fischer is hit by Chris Kreider and loses puck.
19:37 of 1st period - Connor Murphy is hit by Jamie Benn.
19:39 of 1st period - Shot by Christian Fischer.
19:39 of 1st period - Shot Misses the Net.
19:46 of 1st period - Oliver Wahlstrom is hit by Devon Toews and loses puck.
Goals for this period are 0 for CHICAGO Blackhawks vs 2 for DETROIT Red Wings.
Shots for this period are 10 for CHICAGO Blackhawks vs 20 for DETROIT Red Wings.

2nd period


0:01 of 2nd period - Drake Batherson wins face-off versus Oliver Wahlstrom in neutral zone.
0:10 of 2nd period - Off-side.
0:11 of 2nd period - Adam Gaudette wins face-off versus Jamie Benn in neutral zone.
0:22 of 2nd period - Shot by Conor Garland.
0:22 of 2nd period - Stopped by Alexandar Georgiev without a rebound.
0:23 of 2nd period - Mathew Barzal wins face-off versus Mark Stone in DETROIT Red Wings zone.
0:23 of 2nd period - Oliver Wahlstrom is hit by Devon Toews and loses puck.
0:27 of 2nd period - Icing by Erik Karlsson.
0:28 of 2nd period - Drake Batherson wins face-off versus Mathew Barzal in DETROIT Red Wings zone.
0:32 of 2nd period - Off-side.
0:33 of 2nd period - J.T. Compher wins face-off versus Drake Batherson in neutral zone.
1:48 of 2nd period - Jamie Benn is hit by Alexandre Carrier and loses puck.
2:10 of 2nd period - Shot by Mathew Barzal.
2:10 of 2nd period - Shot Misses the Net.
2:27 of 2nd period - Morgan Rielly is hit by Mac Weegar.
3:43 of 2nd period - Fillip Zadina is hit by Mac Weegar and loses puck.
3:50 of 2nd period - Shot by Tanner Jeannot.
3:50 of 2nd period - Stopped by Karel Vejmelka without a rebound.
3:51 of 2nd period - Drake Batherson wins face-off versus Adam Gaudette in CHICAGO Blackhawks zone.
3:54 of 2nd period - Shot by Mikko Rantanen.
3:54 of 2nd period - Shot Misses the Net.
4:14 of 2nd period - Shot by Conor Garland.
4:14 of 2nd period - Stopped by Alexandar Georgiev with a rebound.
4:46 of 2nd period - Icing by Jake Bean.
4:47 of 2nd period - Mathew Barzal wins face-off versus Drake Batherson in DETROIT Red Wings zone.
4:52 of 2nd period - Shot by Christian Fischer.
4:52 of 2nd period - Shot Misses the Net.
5:16 of 2nd period - Off-side.
5:17 of 2nd period - Noah Gregor wins face-off versus J.T. Compher in neutral zone.
5:19 of 2nd period - Gabriel Landeskog is hit by Brandon Duhaime and loses puck.
5:35 of 2nd period - Gabriel Landeskog and Brandon Duhaime fight to a draw.
5:35 of 2nd period - Penalty to Gabriel Landeskog for Fighting.
5:35 of 2nd period - Penalty to Brandon Duhaime for Fighting.
5:36 of 2nd period - Jamie Benn wins face-off versus Nick Suzuki in CHICAGO Blackhawks zone.
5:36 of 2nd period - Erik Karlsson is hit by Alexandre Carrier and loses puck.
5:40 of 2nd period - Minor Penalty to Connor Murphy for Interference.
5:41 of 2nd period - J.T. Compher wins face-off versus Jamie Benn in CHICAGO Blackhawks zone.
7:02 of 2nd period - Shot by Morgan Rielly.
7:02 of 2nd period - Stopped by Karel Vejmelka with a rebound.
7:04 of 2nd period - Shot by Jake Bean.
7:04 of 2nd period - Stopped by Karel Vejmelka without a rebound.
7:05 of 2nd period - Drake Batherson wins face-off versus Adam Gaudette in CHICAGO Blackhawks zone.
7:06 of 2nd period - Shot by Devon Toews.
7:06 of 2nd period - Shot Misses the Net.
7:08 of 2nd period - Shot by Devon Toews.
7:08 of 2nd period - Goal by Devon Toews - CHICAGO Blackhawks : 0 - DETROIT Red Wings : 3.
7:09 of 2nd period - Noah Gregor wins face-off versus Mathew Barzal in neutral zone.
9:35 of 2nd period - Shot by Pius Suter.
9:35 of 2nd period - Stopped by Alexandar Georgiev without a rebound.
9:36 of 2nd period - Ben Meyers wins face-off versus J.T. Compher in DETROIT Red Wings zone.
10:01 of 2nd period - Shot by J.T. Compher.
10:01 of 2nd period - Stopped by Alexandar Georgiev without a rebound.
10:02 of 2nd period - Jamie Benn wins face-off versus Mathew Barzal in DETROIT Red Wings zone.
10:19 of 2nd period - Oliver Wahlstrom is hit by Jamie Benn and loses puck.
10:28 of 2nd period - Mathew Barzal is hit by Jamie Benn and loses puck.
11:05 of 2nd period - Jake Bean is hit by Mac Weegar and loses puck.
11:36 of 2nd period - Shot by Mikko Rantanen.
11:36 of 2nd period - Stopped by Karel Vejmelka with a rebound.
11:38 of 2nd period - Shot by Mark Stone.
11:38 of 2nd period - Shot Misses the Net.
11:53 of 2nd period - Icing by Sami Niku.
11:54 of 2nd period - Noah Gregor wins face-off versus Adam Gaudette in DETROIT Red Wings zone.
12:13 of 2nd period - Shot by Valeri Nichushkin.
12:13 of 2nd period - Stopped by Karel Vejmelka without a rebound.
12:14 of 2nd period - J.T. Compher wins face-off versus Jamie Benn in CHICAGO Blackhawks zone.
13:29 of 2nd period - Minor Penalty to Ben Meyers for Tripping.
13:30 of 2nd period - Mathew Barzal wins face-off versus Drake Batherson in DETROIT Red Wings zone.
13:45 of 2nd period - Shot by Alexandre Carrier.
13:45 of 2nd period - Stopped by Alexandar Georgiev without a rebound.
13:46 of 2nd period - Nick Suzuki wins face-off versus Jamie Benn in DETROIT Red Wings zone.
13:47 of 2nd period - Shot by Connor Murphy.
13:47 of 2nd period - Shot Blocked by Jamie Benn.
13:49 of 2nd period - Shot by Pius Suter.
13:49 of 2nd period - Shot Misses the Net.
14:15 of 2nd period - Shot by Tage Thompson.
14:15 of 2nd period - Shot Blocked by Jamie Benn.
14:23 of 2nd period - Shot by Alexandre Carrier.
14:23 of 2nd period - Shot Misses the Net.
14:25 of 2nd period - Shot by Alexandre Carrier.
14:25 of 2nd period - Stopped by Alexandar Georgiev without a rebound.
14:26 of 2nd period - Mathew Barzal wins face-off versus Drake Batherson in DETROIT Red Wings zone.
14:40 of 2nd period - Mathew Barzal is hit by Devon Toews and loses puck.
15:06 of 2nd period - Shot by Oliver Wahlstrom.
15:06 of 2nd period - Shot Blocked by Erik Karlsson.
15:33 of 2nd period - Gabriel Landeskog is hit by Mac Weegar and loses puck.
15:50 of 2nd period - Shot by Gabriel Landeskog.
15:50 of 2nd period - Shot Misses the Net.
15:52 of 2nd period - Shot by Sami Niku.
15:52 of 2nd period - Shot Misses the Net.
16:37 of 2nd period - Shot by Ben Meyers.
16:37 of 2nd period - Shot Misses the Net.
16:39 of 2nd period - Shot by Fillip Zadina.
16:39 of 2nd period - Shot Misses the Net.
16:43 of 2nd period - Shot by Tanner Jeannot.
16:43 of 2nd period - Stopped by Karel Vejmelka without a rebound.
16:44 of 2nd period - Nick Suzuki wins face-off versus Jamie Benn in CHICAGO Blackhawks zone.
16:44 of 2nd period - Nick Suzuki is hit by Chris Kreider.
17:06 of 2nd period - Nathan Mackinnon is hit by Pius Suter and loses puck.
17:24 of 2nd period - Off-side.
17:25 of 2nd period - Drake Batherson wins face-off versus Mathew Barzal in neutral zone.
18:00 of 2nd period - Shot by Mathew Barzal.
18:00 of 2nd period - Shot Misses the Net.
18:24 of 2nd period - Ben Meyers is hit by Connor Murphy.
19:16 of 2nd period - Shot by Jamie Benn.
19:16 of 2nd period - Shot Blocked by Tage Thompson.
19:18 of 2nd period - Shot by Nathan Mackinnon.
19:18 of 2nd period - Shot Misses the Net.
19:25 of 2nd period - Icing by Tage Thompson.
19:26 of 2nd period - Noah Gregor wins face-off versus Nick Suzuki in CHICAGO Blackhawks zone.
19:26 of 2nd period - Devon Toews is hit by Brandon Carlo and loses puck.
Goals for this period are 0 for CHICAGO Blackhawks vs 1 for DETROIT Red Wings.
Shots for this period are 6 for CHICAGO Blackhawks vs 7 for DETROIT Red Wings.

3rd period


0:01 of 3rd period - Mathew Barzal wins face-off versus Jamie Benn in neutral zone.
0:23 of 3rd period - Jamie Benn is hit by Christian Fischer and loses puck.
0:27 of 3rd period - Erik Karlsson is hit by Brandon Carlo and loses puck.
0:42 of 3rd period - Shot by Oliver Wahlstrom.
0:42 of 3rd period - Stopped by Alexandar Georgiev with a rebound.
1:20 of 3rd period - Shot by Mikko Rantanen.
1:20 of 3rd period - Shot Misses the Net.
1:22 of 3rd period - Shot by Mark Stone.
1:22 of 3rd period - Shot Hit the Post.
1:32 of 3rd period - Shot by Morgan Rielly.
1:32 of 3rd period - Shot Misses the Net.
1:34 of 3rd period - Shot by Drake Batherson.
1:34 of 3rd period - Shot Misses the Net.
1:36 of 3rd period - Shot by Morgan Rielly.
1:36 of 3rd period - Stopped by Karel Vejmelka with a rebound.
1:52 of 3rd period - Shot by Valeri Nichushkin.
1:52 of 3rd period - Stopped by Karel Vejmelka without a rebound.
1:53 of 3rd period - Adam Gaudette wins face-off versus Ben Meyers in CHICAGO Blackhawks zone.
1:53 of 3rd period - Conor Garland is hit by Ben Meyers.
1:56 of 3rd period - Icing by Adam Gaudette.
1:57 of 3rd period - Jamie Benn wins face-off versus Adam Gaudette in CHICAGO Blackhawks zone.
2:14 of 3rd period - Shot by Nathan Mackinnon.
2:14 of 3rd period - Shot Misses the Net.
2:35 of 3rd period - Shot by Nathan Mackinnon.
2:35 of 3rd period - Stopped by Karel Vejmelka with a rebound.
2:37 of 3rd period - Shot by Erik Karlsson.
2:37 of 3rd period - Stopped by Karel Vejmelka without a rebound.
2:38 of 3rd period - Mathew Barzal wins face-off versus Drake Batherson in CHICAGO Blackhawks zone.
2:51 of 3rd period - Shot by Drake Batherson.
2:51 of 3rd period - Stopped by Karel Vejmelka without a rebound.
2:52 of 3rd period - Nick Suzuki wins face-off versus Noah Gregor in CHICAGO Blackhawks zone.
3:15 of 3rd period - Shot by Pius Suter.
3:15 of 3rd period - Stopped by Alexandar Georgiev without a rebound.
3:16 of 3rd period - Chris Kreider wins face-off versus Mathew Barzal in DETROIT Red Wings zone.
3:53 of 3rd period - Shot by Brandon Carlo.
3:53 of 3rd period - Shot Misses the Net.
4:21 of 3rd period - Shot by J.T. Compher.
4:21 of 3rd period - Shot Blocked by Devon Toews.
4:33 of 3rd period - Shot by J.T. Compher.
4:33 of 3rd period - Stopped by Alexandar Georgiev with a rebound.
4:35 of 3rd period - Shot by Joonas Donskoi.
4:35 of 3rd period - Shot Blocked by Devon Toews.
5:49 of 3rd period - Icing by Mac Weegar.
5:50 of 3rd period - Evgenii Dadonov wins face-off versus Noah Gregor in CHICAGO Blackhawks zone.
6:20 of 3rd period - Off-side.
6:21 of 3rd period - Mathew Barzal wins face-off versus Ben Meyers in neutral zone.
6:27 of 3rd period - Oliver Wahlstrom is hit by Jake Bean and loses puck.
6:34 of 3rd period - Jake Bean is hit by Christian Fischer and loses puck.
6:57 of 3rd period - Shot by Ben Meyers.
6:57 of 3rd period - Shot Misses the Net.
6:59 of 3rd period - Shot by Fillip Zadina.
6:59 of 3rd period - Stopped by Karel Vejmelka without a rebound.
7:00 of 3rd period - Drake Batherson wins face-off versus Nick Suzuki in CHICAGO Blackhawks zone.
7:21 of 3rd period - Shot by Pius Suter.
7:21 of 3rd period - Stopped by Alexandar Georgiev without a rebound.
7:22 of 3rd period - Noah Gregor wins face-off versus Adam Gaudette in DETROIT Red Wings zone.
7:22 of 3rd period - Noah Gregor is hit by Evgenii Dadonov.
7:27 of 3rd period - Off-side.
7:28 of 3rd period - Nick Suzuki wins face-off versus Drake Batherson in neutral zone.
8:16 of 3rd period - Icing by Anton Stralman.
8:17 of 3rd period - Nick Suzuki wins face-off versus Jamie Benn in CHICAGO Blackhawks zone.
9:36 of 3rd period - Valeri Nichushkin is hit by Connor Murphy.
10:06 of 3rd period - Shot by Mark Stone.
10:06 of 3rd period - Shot Blocked by Alexandre Carrier.
10:16 of 3rd period - Shot by Drake Batherson.
10:16 of 3rd period - Stopped by Karel Vejmelka without a rebound.
10:17 of 3rd period - Fillip Zadina wins face-off versus Adam Gaudette in CHICAGO Blackhawks zone.
10:34 of 3rd period - Minor Penalty to Mac Weegar for Slashing.
10:35 of 3rd period - Jamie Benn wins face-off versus J.T. Compher in CHICAGO Blackhawks zone.
11:20 of 3rd period - Shot by Erik Karlsson.
11:20 of 3rd period - Shot Blocked by Brian Dumoulin.
11:22 of 3rd period - Shot by Jamie Benn.
11:22 of 3rd period - Stopped by Karel Vejmelka without a rebound.
11:23 of 3rd period - Drake Batherson wins face-off versus Adam Gaudette in CHICAGO Blackhawks zone.
11:37 of 3rd period - Icing by Morgan Rielly.
11:38 of 3rd period - Adam Gaudette wins face-off versus Drake Batherson in DETROIT Red Wings zone.
11:53 of 3rd period - Connor Murphy is hit by Drake Batherson and loses puck.
12:10 of 3rd period - Shot by Jake Bean.
12:10 of 3rd period - Shot Blocked by J.T. Compher.
12:53 of 3rd period - Nathan Mackinnon is hit by Mac Weegar and loses puck.
12:59 of 3rd period - Nathan Mackinnon is hit by Mac Weegar.
13:08 of 3rd period - Nathan Mackinnon is hit by Mac Weegar and loses puck.
14:09 of 3rd period - Shot by Nick Suzuki.
14:09 of 3rd period - Shot Blocked by Zach Whitecloud.
14:13 of 3rd period - Shot by Nick Suzuki.
14:13 of 3rd period - Stopped by Alexandar Georgiev without a rebound.
14:14 of 3rd period - Adam Gaudette wins face-off versus Ben Meyers in DETROIT Red Wings zone.
14:14 of 3rd period - Anton Stralman is hit by Jake Bean and loses puck.
14:32 of 3rd period - Conor Garland is hit by Jake Bean and loses puck.
14:53 of 3rd period - Shot by Ben Meyers.
14:53 of 3rd period - Stopped by Karel Vejmelka without a rebound.
14:54 of 3rd period - J.T. Compher wins face-off versus Chris Kreider in CHICAGO Blackhawks zone.
15:21 of 3rd period - Shot by Jamie Benn.
15:21 of 3rd period - Deflect By Nathan Mackinnon.
15:21 of 3rd period - Shot Misses the Net.
15:31 of 3rd period - Shot by Nathan Mackinnon.
15:31 of 3rd period - Stopped by Karel Vejmelka without a rebound.
15:32 of 3rd period - Mathew Barzal wins face-off versus Drake Batherson in CHICAGO Blackhawks zone.
15:45 of 3rd period - Shot by Mathew Barzal.
15:45 of 3rd period - Shot Misses the Net.
15:47 of 3rd period - Shot by Anton Stralman.
15:47 of 3rd period - Shot Misses the Net.
15:49 of 3rd period - Shot by Christian Fischer.
15:49 of 3rd period - Shot Blocked by Sami Niku.
15:51 of 3rd period - Shot by Oliver Wahlstrom.
15:51 of 3rd period - Shot Misses the Net.
15:53 of 3rd period - Shot by Mathew Barzal.
15:53 of 3rd period - Shot Blocked by Sami Niku.
15:55 of 3rd period - Shot by Anton Stralman.
15:55 of 3rd period - Shot Misses the Net.
15:57 of 3rd period - Shot by Mathew Barzal.
15:57 of 3rd period - Deflect By Oliver Wahlstrom.
15:57 of 3rd period - Shot Misses the Net.
16:05 of 3rd period - Shot by Oliver Wahlstrom.
16:05 of 3rd period - Shot Blocked by Zach Whitecloud.
16:07 of 3rd period - Shot by Mathew Barzal.
16:07 of 3rd period - Shot Blocked by Mark Stone.
16:09 of 3rd period - Shot by Mathew Barzal.
16:09 of 3rd period - Shot Misses the Net.
16:51 of 3rd period - Shot by Nathan Mackinnon.
16:51 of 3rd period - Shot Blocked by Conor Garland.
16:53 of 3rd period - Shot by Nathan Mackinnon.
16:53 of 3rd period - Shot Blocked by Mac Weegar.
16:55 of 3rd period - Shot by Jamie Benn.
16:55 of 3rd period - Shot Misses the Net.
16:57 of 3rd period - Shot by Erik Karlsson.
16:57 of 3rd period - Shot Misses the Net.
17:35 of 3rd period - Shot by Alexandre Carrier.
17:35 of 3rd period - Shot Misses the Net.
18:34 of 3rd period - Valeri Nichushkin is hit by Alexandre Carrier and loses puck.
19:02 of 3rd period - Shot by Oliver Wahlstrom.
19:02 of 3rd period - Stopped by Alexandar Georgiev without a rebound.
19:03 of 3rd period - J.T. Compher wins face-off versus Drake Batherson in DETROIT Red Wings zone.
19:41 of 3rd period - Drake Batherson is hit by Brandon Carlo and loses puck.
Goals for this period are 0 for CHICAGO Blackhawks vs 0 for DETROIT Red Wings.
Shots for this period are 6 for CHICAGO Blackhawks vs 10 for DETROIT Red Wings.